 Dungeon Crawl Stone Soup version 0.30.0-29-ga12c61a403 (webtiles) character file.

Game seed: 16416710060568237723

4519 Graphine the Nimble (level 10, -3/84 HPs)
             Began as a Merfolk Gladiator on June 17, 2023.
             Was a Believer of Wu Jian.
             Slain by an eight-headed hydra (11 damage)
             ... on level 8 of the Dungeon.
             The game lasted 00:18:52 (7680 turns).

Graphine the Nimble (Merfolk Gladiator)             Turns: 7680, Time: 00:18:52

Health: -3/84      AC:  9    Str: 15    XL:     10   Next: 39%
Magic:  10/10      EV: 20    Int:  7    God:    Wu Jian [**....]
Gold:   499        SH:  0    Dex: 20    Spells: 9/9 levels left

rFire   . . .        b - +0 falchion (heavy)
rCold   + . .        (no shield)
rNeg    . . .        g - +3 leather armour
rPois   .            c - +1 helmet
rElec   .            y - +0 cloak
rCorr   .            (no gloves)
SInv    .            (no boots)
Will    +....        (no amulet)
Stlth   +            f - ring of protection from cold
HPRegen 0.34/turn    j - ring of willpower
MPRegen 0.12/turn

%: no passive effects
@: about to teleport
A: (nimble swimmer 2), mertail
a: Renounce Religion, Wall Jump


You were on level 8 of the Dungeon.
You worshipped Wu Jian.
Wu Jian was pleased with you.
You visited 2 branches of the dungeon, and saw 9 of its levels.
You also visited: Sewer.

You collected 499 gold pieces.

Inventory:

Hand Weapons
 a - a +0 long sword of freezing
 b - a +0 heavy falchion (weapon)
 l - the +4 hand axe of Yredelemnul's Hope {heavy, *Noise Fly Dex+5}
   (You found it on level 3 of the Dungeon)

   Dex:       It affects your dexterity (+5).
   Fly:       It grants you flight.
   *Noise:    It may make noises in combat.
 q - a +2 short sword of venom
 D - the +8 dagger "Siosick" {pain, *Corrode Fragile rElec Str+5}
   (You found it on level 8 of the Dungeon)

   Str:       It affects your strength (+5).
   rElec:     It insulates you from electricity.
   *Corrode:  It may corrode you when you take damage.
   Fragile:   It will be destroyed if unequipped.
Missiles
 e - a javelin (quivered)
 u - a throwing net
Armour
 c - a +1 helmet (worn)
 g - a +3 leather armour (worn)
 y - a +0 cloak (worn)
Jewellery
 f - a ring of protection from cold (left hand)
 h - a ring of see invisible
 j - a ring of willpower (right hand)
Wands
 B - a wand of iceblast (5)
Scrolls
 i - a scroll of silence
 n - 2 scrolls of poison
 r - 3 scrolls of magic mapping
 t - 3 scrolls of teleportation
 v - a scroll of brand weapon
 C - a scroll of noise {unknown}
Potions
 d - a potion of resistance
 k - 6 potions of curing
 m - 4 potions of ambrosia
 o - a potion of might
 p - a potion of attraction
 s - 3 potions of mutation {unknown}
 w - 2 potions of lignification {unknown}
 x - 3 potions of flight {unknown}
 A - a potion of berserk rage {unknown}


   Skills:
 + Level 9.7 Fighting
 + Level 10.9 Long Blades
 - Level 2.0 Throwing
 + Level 11.9 Dodging


You had 9 spell levels left.
You didn't know any spells.
Your spell library contained the following spells:

 Spells                   Type           Power      Damage    Failure   Level
 Necrotise                Necr           0%         1d4       50%         1
 Ensorcelled Hibernation  Hex/Ice        0%         N/A       65%         2
 Passwall                 Tmut/Erth      0%         N/A       65%         2
 Dazzling Flash           Conj/Hex       0%         N/A       86%         3
 Spider Form              Tmut/Pois      0%         N/A       86%         3
 Swiftness                Air            0%         N/A       86%         3
 Vampiric Draining        Necr           0%         2d6       86%         3
 Anguish                  Hex/Necr       0%         N/A       99%         4
 Agony                    Necr           0%         N/A       100%        5
 Silence                  Hex/Air        0%         N/A       100%        5


Dungeon Overview and Level Annotations

Branches:
Dungeon (8/15)             Temple (1/1) D:6           Sewer (visited)
   Lair: D:8-11

Altars:
Cheibriados
Dithmenos
Fedhas
Hepliaklqana
Makhleb
Nemelex Xobeh
Okawaru
Sif Muna
Uskayaw
Wu Jian
Yredelemnul

Shops:
D:4 :


Innate Abilities, Weirdness & Mutations

((You are very nimble when in or above water. (Stealth+, EV+, Speed+++)))
Your lower body shifts to a powerful aquatic tail in water.


Message History

The shadow barely misses you.
The slime creature hits you but does no damage.
The shadow misses you.
You hit the slime creature but do no damage.
The slime creature is severely wounded.
The slime creature hits you but does no damage.
An eight-headed hydra comes into view.
The shadow hits you.
You slash the slime creature!
The slime creature is almost dead.
The slime creature hits you. The slime creature misses you.
A two-headed ogre comes into view.
It is wielding a +0 dire flail and a +0 giant club.
The eight-headed hydra attacks as you move away!
The eight-headed hydra bites you!
* * * LOW HITPOINT WARNING * * *
The eight-headed hydra misses you. The eight-headed hydra bites you.
* * * LOW HITPOINT WARNING * * *
The eight-headed hydra bites you but does no damage.
The eight-headed hydra misses you.
The eight-headed hydra bites you but does no damage. x2
The eight-headed hydra bites you!
* * * LOW HITPOINT WARNING * * *
As you read the scroll of teleportation, it crumbles to dust.
You feel strangely unstable. The eight-headed hydra bites you.
* * * LOW HITPOINT WARNING * * *
The eight-headed hydra bites you.
* * * LOW HITPOINT WARNING * * *
The eight-headed hydra bites you but does no damage.
The eight-headed hydra misses you.
The eight-headed hydra barely misses you.
The eight-headed hydra misses you.
The eight-headed hydra barely misses you.
The eight-headed hydra misses you.
Okay, then.
You feel much better. The eight-headed hydra bites you! x2
* * * LOW HITPOINT WARNING * * *
The eight-headed hydra bites you!
* * * LOW HITPOINT WARNING * * *
The eight-headed hydra bites you!
You die...

#.....#.###..........##
#.....#.# #......[...#
#.....#.# #..........#
#######.# ############
## #.# #.# #.# #.##.#
#JD#.# ♣W##@.# #.##.#.#
# .O##.# #!# #.# ## #.#
#.# #.# #.#


You could see an eight-headed hydra, a slime creature and a two-headed ogre.

Vanquished Creatures
  Pikel (D:8)
  Sigmund (D:2)
  3 yaks (D:8)
  A wraith (D:8)
  Menkaure (D:6)
  A water moccasin (D:7)
  An orc warrior (D:7)
  3 ice beasts
  A sky beast (D:7)
  2 black bears
  5 ogres
  2 centaurs (D:7)
  A kobold brigand (D:7)
  2 phantoms
  A bullfrog (D:8)
  A spectral wyvern (D:8)
  A scorpion (D:5)
  3 wights (D:8)
  4 killer bees (D:8)
  A wyvern simulacrum (D:8)
  2 hounds
  A gnoll bouda (D:6)
  7 orc priests
  3 sleepcaps
  Natasha (thrice) (D:2)
  12 orc wizards
  A hell rat (Sewer)
  A centaur simulacrum (D:8)
  A spectral howler monkey (D:8)
  14 gnolls
  5 adders
  2 river rats (Sewer)
  2 shadow imps (D:7)
  A white imp (D:5)
  4 worms
  3 dart slugs
  22 orcs
  5 bats
  A bat zombie (D:2)
  12 endoplasms
  7 giant cockroaches
  7 goblins
  3 hobgoblins
  3 jackals (D:1)
  8 kobolds
  4 quokkas
  6 ball pythons
  A ball python skeleton (D:2)
  5 frilled lizards
  22 rats
204 creatures vanquished.

Notes
Turn   | Place    | Note
-------+----------+-------------------------------------------
     0 | D:1      | Graphine the Merfolk Gladiator began the quest for the Orb.
     0 | D:1      | Reached XP level 1. HP: 16/16 MP: 1/1
   113 | D:1      | Found a faded altar of an unknown god.
   219 | D:1      | Reached XP level 2. HP: 23/23 MP: 2/2
   731 | D:1      | Reached XP level 3. HP: 26/28 MP: 3/3
  1211 | D:2      | Noticed Natasha
  1221 | D:2      | Killed Natasha
  1222 | D:2      | Reached skill level 5 in Dodging
  1222 | D:2      | Reached XP level 4. HP: 25/35 MP: 4/4
  1261 | D:2      | Noticed Sigmund
  1274 | D:2      | Killed Sigmund
  1275 | D:2      | Reached skill level 5 in Long Blades
  1275 | D:2      | Reached XP level 5. HP: 25/42 MP: 5/5
  1275 | D:2      | Reached XP level 6. HP: 28/48 MP: 6/6
  1413 | D:2      | Noticed Natasha
  1422 | D:2      | Killed Natasha
  1423 | D:2      | Reached skill level 6 in Dodging
  1757 | D:2      | Noticed Natasha
  1768 | D:2      | Killed Natasha
  2209 | D:3      | Identified the +4 hand axe of Yredelemnul's Hope {heavy,
                  | *Noise Fly Dex+5}
  2493 | D:3      | Found a blossoming altar of Fedhas.
  2870 | D:4      | Found Muraef's Book Shop.
  2922 | D:4      | Reached XP level 7. HP: 26/55 MP: 7/7
  3078 | D:4      | Reached skill level 5 in Fighting
  3149 | D:4      | Reached skill level 7 in Dodging
  3406 | D:5      | Entered Level 5 of the Dungeon
  3577 | D:5      | Reached XP level 8. HP: 31/64 MP: 8/8
  3890 | D:5      | Reached skill level 8 in Dodging
  4312 | D:5      | Found an iron altar of Okawaru.
  4785 | D:6      | Reached skill level 9 in Dodging
  4829 | D:6      | Noticed Menkaure
  4841 | D:6      | Killed Menkaure
  4842 | D:6      | Reached XP level 9. HP: 72/72 MP: 9/9
  4850 | D:6      | Found a staircase to the Ecumenical Temple.
  4865 | Temple   | Entered the Ecumenical Temple
  4873 | Temple   | Became a worshipper of the Wu Jian Council
  5121 | D:6      | Found a glowing drain.
  5128 | Sewer    | Entered a sewer
  5260 | D:6      | Reached * piety under Wu Jian
  5666 | D:6      | Reached skill level 10 in Dodging
  6745 | D:8      | Reached skill level 10 in Long Blades
  6745 | D:8      | Reached skill level 11 in Dodging
  6748 | D:8      | Reached XP level 10. HP: 52/83 MP: 10/10
  6976 | D:8      | Noticed Pikel
  6992 | D:8      | Killed Pikel
  6992 | D:8      | Reached ** piety under Wu Jian
  7591 | D:8      | Identified the +8 dagger "Siosick" {pain, *Corrode Fragile
                  | rElec Str+5}
  7676 | D:8      | Noticed an eight-headed hydra
  7677 | D:8      | Noticed a two-headed ogre
  7680 | D:8      | Slain by an eight-headed hydra

Illustrated notes

Levels and vault maps discovered:
D:1:      eino_arrival_cavern_c, layout_basic, basic_ecumenical_altar,
          minmay_rat_gold_closets
D:2:      layout_basic, serial_undead, serial_undead_f, serial_undead_e,
          serial_undead_c, serial_undead_b, chequers_serial_rivers_large_a,
          minmay_tree_intersection, uniq_sigmund, uniq_natasha
D:3:      layout_basic, fedhas_altar_3
D:4:      layout_cave_pools, serial_shops, nicolae_shop_crystal
D:5:      layout_basic, kennysheep_okawaru_gauntlet, due_unseen_surprise
D:6:      layout_gridville, minmay_temple_entry_statues_fountains,
          gup_sewer_entry_bubbles, dk_vineyard_2, uniq_menkaure
D:7:      layout_loops_ring, hangedman_abyss_or_decor_stagger
D:8:      minmay_bloctagon_deflated, layout_basic, dilly_guarded_unrand_morg,
          uniq_pikel
Temple:   nicolae_temple_two_arcs

Skill      XL: |  1  2  3  4  5  6  7  8  9 |
---------------+----------------------------+-----
Long Blades    | 4 5 6 7 8 10 | 10.9
Fighting       | 3 4 5 7 9 |  9.7
Dodging        | 5 6 7 9 11 | 11.9
Throwing       | |  2.0

Action                     |  1- 3 |  4- 6 |  7- 9 | 10-12 || total
---------------------------+-------+-------+-------+-------++-------
  Melee: Long sword        |    89 |    96 |   270 |       ||   455
         Short sword       |    17 |    42 |       |       ||    59
         Punch             |       |     4 |     8 |       ||    12
         Falchion          |       |       |    57 |    92 ||   149
         Tailslap          |       |       |     9 |       ||     9
  Throw: Javelin           |     1 |       |     1 |       ||     2
         Throwing net      |       |       |     3 |       ||     3
Ability: Lunge             |       |       |    19 |     3 ||    22
    Use: Scroll            |     1 |     8 |     7 |     1 ||    17
         Potion            |       |       |     2 |     1 ||     3
   Stab: Sleeping          |     3 |       |     6 |       ||     9
         Held in net/web   |       |       |     3 |       ||     3
 Armour: Leather armour    |    34 |    21 |    61 |    32 ||   148
  Dodge: Dodged            |    92 |   118 |   265 |    89 ||   564
